 Dungeon Crawl Stone Soup version 0.30.1-11-g7821555f0a (webtiles) character file.

Game seed: 12917545680960826528

427 rendel the Cudgeller (level 6, -7/61 HPs)
             Began as a Troll Fighter on Oct 29, 2023.
             Was an Initiate of Cheibriados.
             Mangled by an ice beast (13 damage)
             ... on level 5 of the Dungeon.
             The game lasted 00:04:57 (4048 turns).

rendel the Cudgeller (Troll Fighter)                Turns: 4048, Time: 00:04:57

Health: -7/61      AC:  4    Str: 28    XL:     6   Next: 65%
Magic:  5/5        EV: 10    Int:  5    God:    Cheibriados [......]
Gold:   228        SH:  9    Dex: 16    Spells: 5/5 levels left

rFire   . . .        u - +6 dagger of Nemelex Xobeh's Favour {pain, rN+ Stlth+}
rCold   . . .        c - +0 kite shield
rNeg    + . .        b - +0 robe
rPois   .            (helmet restricted)
rElec   .            (no cloak)
rCorr   .            (gloves unavailable)
SInv    .            (boots unavailable)
Will    .....        (no amulet)
Stlth   ++           h - +6 ring of dexterity
HPRegen 1.10/turn    (no ring)
MPRegen 0.09/turn

%: no passive effects
@: very slow
A: large, unfitting armour, claws 3, regeneration 1, shaggy fur 1, tough skin 1
a: Renounce Religion


You were on level 5 of the Dungeon.
You worshipped Cheibriados.
Cheibriados was noncommittal.
You visited 1 branch of the dungeon, and saw 5 of its levels.

You collected 228 gold pieces.

Inventory:

Hand Weapons
 a - a +0 flail
 u - the +6 dagger of Nemelex Xobeh's Favour (weapon) {pain, rN+ Stlth+}
   (You found it on level 3 of the Dungeon)

   rN:        It protects you from negative energy.
   Stlth:     It makes you more stealthy.
Missiles
 j - 3 javelins (quivered)
Armour
 b - a +0 robe (worn)
 c - a +0 kite shield (worn)
Jewellery
 h - a +6 ring of dexterity (left claw)
Wands
 v - a wand of light (9)
Scrolls
 g - a scroll of fog {unknown}
 i - a scroll of poison {unknown}
 l - 2 scrolls of vulnerability {unknown}
 n - a scroll of silence {unknown}
 o - a scroll of identify {unknown}
 p - 2 scrolls of enchant armour {unknown}
 s - a scroll of fear {unknown}
 t - 2 scrolls of teleportation {unknown}
 w - 2 scrolls of blinking {unknown}
 y - 3 scrolls of magic mapping {unknown}
 z - a scroll of immolation {unknown}
Potions
 d - a potion of might
 e - a potion of heal wounds {unknown}
 f - 2 potions of brilliance {unknown}
 k - a potion of invisibility {unknown}
 m - 2 potions of flight {unknown}
 q - 2 potions of curing {unknown}
 r - a potion of degeneration {unknown}
 x - a potion of berserk rage {unknown}


   Skills:
 + Level 3.3 Fighting
 * Level 4.0 Maces & Flails
 + Level 2.0 Armour
 + Level 3.3 Dodging
 + Level 3.7 Shields


You had 5 spell levels left.
You didn't know any spells.
Your spell library contained the following spells:

 Spells                   Type           Power      Damage    Failure   Level
 Necrotise                Necr           0%         1d4       71%         1
 Vampiric Draining        Necr           0%         2d6       97%         3
 Agony                    Necr           0%         N/A       100%        5


Dungeon Overview and Level Annotations

Branches:
Dungeon (5/15)
 Temple: D:4-7

Altars:
Cheibriados
Elyvilon
Gozag
Yredelemnul
The Shining One

Shops:
D:5 *


Innate Abilities, Weirdness & Mutations

You are too large for most types of armour.
You have claws for hands.
Your natural rate of healing is unusually fast.
You are covered in fur. (AC +1)
You have tough skin. (AC +1)


Message History

You are too injured to fight recklessly!
You are too injured to fight recklessly!
You are too injured to fight recklessly!
You are too injured to fight recklessly!
You are too injured to fight recklessly!
You barely miss the ice beast.
The ice beast is heavily wounded.
You block the ice beast's attack.
You hit the ice beast but do no damage.
The ice beast is heavily wounded.
The ice beast hits you. The ice beast freezes you!
* * * LOW HITPOINT WARNING * * *
You hit the ice beast but do no damage.
The ice beast is heavily wounded.
The ice beast barely misses you.
You closely miss the ice beast.
The ice beast is heavily wounded.
You block the ice beast's attack.
You puncture the ice beast!
The ice beast is severely wounded.
You block the ice beast's attack.
You closely miss the ice beast.
The ice beast is severely wounded.
The ice beast hits you but does no damage.
The ice beast barely misses you.
You hit the ice beast.
The ice beast is almost dead.
The ice beast hits you.
* * * LOW HITPOINT WARNING * * *
The ice beast freezes you!
* * * LOW HITPOINT WARNING * * *
You hit the ice beast.
The ice beast is almost dead.
The ice beast barely misses you.
You barely miss the ice beast.
The ice beast is almost dead.
The ice beast hits you.
* * * LOW HITPOINT WARNING * * *
The ice beast freezes you!
You die...

......#.......<#######
.......##.....#.....#
.## ##............. #
#.............. #.
#.............. #.#
#.............. #..#
#...<...>..>...
#.Y###..............
#.@................
##..###.....#.....#
##....############
#.....?##........
..............###
....#...#####.#
###.....# # #.#...#
..#...#


You could see an ice beast.

Vanquished Creatures
  An ice beast (D:5)
  An ogre (D:4)
  A hound (D:4)
  Natasha (thrice) (D:3)
  2 hound zombies (D:3)
  3 adders
  2 adder zombies (D:3)
  2 adder skeletons (D:3)
  3 worms
  A dart slug (D:1)
  2 orcs (D:3)
  8 ball pythons
  2 bats
  5 endoplasms
  A giant cockroach (D:3)
  5 goblins
  6 hobgoblins
  5 jackals
  3 quokkas
  8 frilled lizards
  6 kobolds
  2 rats (D:1)
72 creatures vanquished.

Notes
Turn   | Place    | Note
-------+----------+-------------------------------------------
     0 | D:1      | rendel the Troll Fighter began the quest for the Orb.
     0 | D:1      | Reached XP level 1. HP: 22/22 MP: 0/0
    77 | D:1      | Reached skill level 2 in Maces & Flails
    92 | D:1      | Reached XP level 2. HP: 14/29 MP: 1/1
   851 | D:2      | Reached XP level 3. HP: 36/36 MP: 2/2
  1848 | D:3      | Found a white marble altar of Elyvilon.
  2049 | D:3      | Reached skill level 1 in Armour
  2106 | D:3      | Found a basalt altar of Yredelemnul.
  2207 | D:3      | Found a glowing golden altar of the Shining One.
  2220 | D:3      | Reached XP level 4. HP: 32/44 MP: 3/3
  2317 | D:3      | Noticed Natasha
  2326 | D:3      | Killed Natasha
  2351 | D:3      | Reached skill level 3 in Maces & Flails
  2356 | D:3      | Reached XP level 5. HP: 41/52 MP: 4/4
  2377 | D:3      | Identified the +6 dagger of Nemelex Xobeh's Favour {pain,
                  | rN+ Stlth+}
  2436 | D:3      | Noticed Natasha
  2443 | D:3      | Killed Natasha
  2850 | D:3      | Noticed Natasha
  2862 | D:3      | Killed Natasha
  3571 | D:4      | Found a snail-covered altar of Cheibriados.
  3677 | D:4      | Noticed an ogre
  3696 | D:4      | Killed an ogre
  3697 | D:4      | Reached XP level 6. HP: 8/61 MP: 5/5
  3878 | D:4      | Became a worshipper of Cheibriados the Contemplative
  3917 | D:5      | Entered Level 5 of the Dungeon
  3923 | D:5      | Found Gozag's Platinum Reserve.
  3923 | D:5      | Found an opulent altar of Gozag.
  3937 | D:5      | Noticed an ice beast
  3953 | D:5      | Killed an ice beast
  3954 | D:5      | Reached skill level 4 in Maces & Flails
  4024 | D:5      | Noticed an ice beast
  4048 | D:5      | Mangled by an ice beast

Illustrated notes

Levels and vault maps discovered:
D:1:      matt_arrival_los_fun, layout_loops_ring
D:2:      layout_basic, serial_bayou_crossing
D:3:      layout_basic, kennysheep_ying_yang, mainiacjoe_overflow_catwalk,
          dilly_guarded_unrand_morg
D:4:      layout_layer_cave, cheibrodos_worm_habitat
D:5:      layout_rooms, nicolae_gozag_zags_fifth_avenue, serial_bayou_pond_b

Skill      XL: |  1  2  3  4  5  6 |
---------------+-------------------+-----
Maces & Flails | 2 3 4 |  4.0
Shields        | 3 |  3.7
Armour         | 1 2 |  2.0
Dodging        | 3 |  3.3
Fighting       | 3 |  3.3

Action                     |  1- 3 |  4- 6 || total
---------------------------+-------+-------++-------
  Melee: Flail             |   146 |    35 ||   181
         Dagger            |       |    98 ||    98
  Throw: Javelin           |       |     3 ||     3
   Stab: Sleeping          |       |     1 ||     1
 Armour: Robe              |    80 |    35 ||   115
  Dodge: Dodged            |    51 |    45 ||    96
  Block: Kite shield       |    94 |    60 ||   154
